NCAA
TENNESSEE VOLUNTEERS @ PITTSBURGH PANTHERS
05/29/2029
 
TOP OF THE 1ST
Tennessee Volunteers batting - Pitching for Pittsburgh Panthers : RHP Thomas van Vranken
Pitching: RHP Thomas van Vranken
Batting: RHB Bruce Carr 0-0: Called Strike
0-1: Foul Ball, location: 2F
0-2: Foul Ball, location: 2F
0-2: Ball
1-2: Ball
2-2: Ball
3-2: Base on Balls
Batting: SHB Jared Calhoun 0-0: Ball
1-0: Foul Ball, location: 2F
1-1: Ball
2-1: Foul Ball, location: 2F
2-2: Foul Ball, location: 2F
2-2: Strikes out swinging
Batting: LHB Alfredo Cantú 0-0: Swinging Strike
0-1: Ball
1-1: Foul Ball, location: 2F
1-2: Strikes out looking
Batting: LHB Carl Coffman 0-0: Called Strike
0-1: Ball
1-1: Ball
2-1: Swinging Strike
2-2: Strikes out looking
Top of the 1st over - 0 runs, 0 hits, 0 errors, 1 left on base; Tennessee 0 - Pittsburgh 0
BOTTOM OF THE 1ST
Pittsburgh Panthers batting - Pitching for Tennessee Volunteers : RHP Jeff Colón
Pitching: RHP Jeff Colón
Batting: RHB Roberto Trejo 0-0: Called Strike
0-1: Ball
1-1: Ball
2-1: Foul Ball, location: 2F
2-2: Strikes out swinging
Batting: LHB Dalton Beck 0-0: Ball
1-0: Called Strike
1-1: Ball
2-1: Swinging Strike
2-2: Strikes out looking
Batting: LHB Todd Emery 0-0: Ball
1-0: Called Strike
1-1: Ball
2-1: Ground out 4-3 (Groundball, 4)
Bottom of the 1st over - 0 runs, 0 hits, 0 errors, 0 left on base; Tennessee 0 - Pittsburgh 0
TOP OF THE 2ND
Tennessee Volunteers batting - Pitching for Pittsburgh Panthers : RHP Thomas van Vranken
Batting: RHB Gary Washington 0-0: Ball
1-0: Ball
2-0: Called Strike
2-1: Ball
3-1: Foul Ball, location: 2F
3-2: Base on Balls
Batting: LHB Tom McTier 0-0: SINGLE (Line Drive, 7LM)
Gary Washington to second
Batting: RHB Rodney Walker 0-0: Called Strike
0-1: Foul Ball, location: 2F
0-2: Strikes out swinging
Batting: RHB Lorne McClain 0-0: Foul Ball, location: 2F
0-1: Foul Ball, location: 2F
0-2: Ball
1-2: Strikes out swinging
Batting: RHB John Pickup 0-0: Swinging Strike
0-1: Ball
1-1: Ball
2-1: Foul Ball, location: 2F
2-2: Foul Ball, location: 2F
2-2: Ball
3-2: Base on Balls
Gary Washington to third
Tom McTier to second
Batting: RHB Bruce Carr 0-0: Ball
1-0: Ball
2-0: Called Strike
2-1: Called Strike
2-2: Foul Ball, location: 2F
2-2: Strikes out swinging
Top of the 2nd over - 0 runs, 1 hit, 0 errors, 3 left on base; Tennessee 0 - Pittsburgh 0
BOTTOM OF THE 2ND
Pittsburgh Panthers batting - Pitching for Tennessee Volunteers : RHP Jeff Colón
Batting: LHB Harry Davis 0-0: Ball
1-0: Foul Ball, location: 2F
1-1: Ball
2-1: Foul Ball, location: 2F
2-2: Ball
3-2: Strikes out swinging
Batting: LHB Pablo Garza 0-0: Called Strike
0-1: Ball
1-1: Ball
2-1: Called Strike
2-2: Ball
3-2: Base on Balls
Batting: RHB Karl Stone 0-0: Ball
1-0: Called Strike
Pablo Garza is caught stealing 2nd base
1-1: Called Strike
1-2: Fly out, F7 (Flyball, 7S)
Bottom of the 2nd over - 0 runs, 0 hits, 0 errors, 0 left on base; Tennessee 0 - Pittsburgh 0
TOP OF THE 3RD
Tennessee Volunteers batting - Pitching for Pittsburgh Panthers : RHP Thomas van Vranken
Batting: SHB Jared Calhoun 0-0: Called Strike
0-1: Called Strike
0-2: Ball
1-2: Strikes out looking
Batting: LHB Alfredo Cantú 0-0: Ball
1-0: Foul Ball, location: 2F
1-1: Ball
2-1: SINGLE (Groundball, 34D)
Batting: LHB Carl Coffman 0-0: Ball
1-0: Ball
2-0: Ball
Wild Pitch!
Alfredo Cantú to second
3-0: Called Strike
3-1: Called Strike
3-2: Foul Ball, location: 2F
3-2: Ground out 4-3 (Groundball, 34)
Alfredo Cantú to third
Batting: RHB Gary Washington 0-0: Ball
1-0: Called Strike
1-1: Ball
2-1: Foul Ball, location: 2F
2-2: Fly out, F7 (Flyball, 7D)
Top of the 3rd over - 0 runs, 1 hit, 0 errors, 1 left on base; Tennessee 0 - Pittsburgh 0
BOTTOM OF THE 3RD
Pittsburgh Panthers batting - Pitching for Tennessee Volunteers : RHP Jeff Colón
Batting: RHB Richard Cardoza 0-0: Called Strike
0-1: Foul Ball, location: 2F
0-2: Foul Ball, location: 2F
0-2: Foul Ball, location: 2F
0-2: SINGLE (Line Drive, 56D)
Pitching: RHP Steve Jasper
Batting: SHB Ward Jacobs 0-0: Foul Ball, location: 2F
0-1: Ball
1-1: Called Strike
1-2: Foul Ball, location: 2F
1-2: Strikes out swinging
Batting: RHB Bill Gallagher 0-0: Swinging Strike
0-1: Foul Ball, location: 2F
0-2: Ball
1-2: Foul Ball, location: 2F
1-2: Fielders Choice at 2nd, 6-4 (Groundball, 6D)
Batting: RHB Roberto Trejo 0-0: Ball
1-0: Swinging Strike
1-1: Ball
2-1: Ball
3-1: Base on Balls
Bill Gallagher to second
Batting: LHB Dalton Beck 0-0: Ball
1-0: Ball
2-0: DOUBLE (Groundball, 3L)
Bill Gallagher scores
Roberto Trejo to third
Batting: LHB Todd Emery 0-0: Fly out, F9 (Line Drive, 9)
Bottom of the 3rd over - 1 run, 2 hits, 0 errors, 2 left on base; Tennessee 0 - Pittsburgh 1
TOP OF THE 4TH
Tennessee Volunteers batting - Pitching for Pittsburgh Panthers : RHP Thomas van Vranken
Batting: LHB Tom McTier 0-0: Fly out, F9 (Flyball, 9S)
Batting: RHB Rodney Walker 0-0: Called Strike
0-1: Ball
1-1: Ball
2-1: Ground out 6-3 (Groundball, 56)
Batting: RHB Lorne McClain 0-0: Foul Ball, location: 2F
0-1: Swinging Strike
0-2: Ball
1-2: Ball
2-2: Foul Ball, location: 2F
2-2: Foul Ball, location: 2F
2-2: Ball
3-2: Strikes out swinging
Top of the 4th over - 0 runs, 0 hits, 0 errors, 0 left on base; Tennessee 0 - Pittsburgh 1
BOTTOM OF THE 4TH
Pittsburgh Panthers batting - Pitching for Tennessee Volunteers : RHP Steve Jasper
Batting: LHB Harry Davis 0-0: Ball
1-0: Ball
2-0: Called Strike
2-1: Called Strike
2-2: Ball
3-2: SINGLE (Line Drive, 3D)
Batting: LHB Pablo Garza 0-0: Swinging Strike
0-1: Foul Ball, location: 2F
0-2: SINGLE (Line Drive, 9S)
Harry Davis to second
Runner from 2nd tries for 3rd, SAFE, no throw
Batting: RHB Karl Stone 0-0: Fly out, F5 (Line Drive, 56)
Batting: RHB Richard Cardoza 0-0: Fly out, F6 (Line Drive, 6)
Batting: SHB Ward Jacobs 0-0: Ball
1-0: Called Strike
1-1: Ball
2-1: SINGLE (Line Drive, 9S)
Harry Davis scores
Pablo Garza to second
Runner from 2nd tries for 3rd, OUT!
Bottom of the 4th over - 1 run, 3 hits, 0 errors, 1 left on base; Tennessee 0 - Pittsburgh 2
TOP OF THE 5TH
Tennessee Volunteers batting - Pitching for Pittsburgh Panthers : RHP Thomas van Vranken
Pitching: RHP Carter Mortensen
Batting: RHB John Pickup 0-0: Ball
1-0: Ball
2-0: Called Strike
2-1: Foul Ball, location: 2F
2-2: Foul Ball, location: 2F
2-2: Foul Ball, location: 2F
2-2: Ball
3-2: Fly out, F7 (Flyball, 7LMF)
Batting: RHB Bruce Carr 0-0: Foul Ball, location: 2F
0-1: Ground out 6-3 (Groundball, 56)
Batting: SHB Jared Calhoun 0-0: Ball
1-0: Ball
2-0: DOUBLE (Flyball, 8RD)
Batting: LHB Alfredo Cantú 0-0: Foul Ball, location: 2F
0-1: Swinging Strike
0-2: Ball
1-2: Strikes out swinging
Top of the 5th over - 0 runs, 1 hit, 0 errors, 1 left on base; Tennessee 0 - Pittsburgh 2
BOTTOM OF THE 5TH
Pittsburgh Panthers batting - Pitching for Tennessee Volunteers : RHP Steve Jasper
Batting: RHB Bill Gallagher 0-0: Foul Ball, location: 2F
0-1: Called Strike
0-2: Fly out, F9 (Line Drive, 89D)
Batting: RHB Roberto Trejo 0-0: Foul Ball, location: 2F
0-1: Called Strike
0-2: Ball
1-2: Ball
2-2: Ball
3-2: Ground out 3-1 (Groundball, 34)
Batting: LHB Dalton Beck 0-0: Ball
1-0: Foul Ball, location: 2F
1-1: Called Strike
1-2: Ball
2-2: Strikes out swinging
Bottom of the 5th over - 0 runs, 0 hits, 0 errors, 0 left on base; Tennessee 0 - Pittsburgh 2
TOP OF THE 6TH
Tennessee Volunteers batting - Pitching for Pittsburgh Panthers : RHP Carter Mortensen
Batting: LHB Carl Coffman 0-0: Called Strike
0-1: Ball
1-1: SINGLE (Flyball, 89M)
Batting: RHB Gary Washington 0-0: Ball
1-0: Ball
2-0: Called Strike
2-1: Foul Ball, location: 2F
2-2: DOUBLE (Line Drive, 7D)
Carl Coffman to third
Batting: LHB Tom McTier 0-0: Called Strike
0-1: Called Strike
0-2: Foul Ball, location: 2F
0-2: Ball
1-2: Ball
2-2: Ball
3-2: Base on Balls
Batting: RHB Rodney Walker 0-0: Hit by Pitch
Carl Coffman scores
Gary Washington to third
Tom McTier to second
Batting: RHB Lorne McClain 0-0: Ball
1-0: Ball
2-0: Ball
3-0: Base on Balls
Gary Washington scores
Tom McTier to third
Rodney Walker to second
Pitching: RHP Pete Ross
Batting: RHB John Pickup 0-0: Ball
1-0: Ball
2-0: Ball
3-0: Base on Balls
Tom McTier scores
Rodney Walker to third
Lorne McClain to second
Batting: RHB Bruce Carr 0-0: Called Strike
0-1: Ball
1-1: Ball
2-1: Fly out, F9 (Flyball, 89M)
Runner from 3rd tags up, SCORES, throw made
Batting: SHB Jared Calhoun 0-0: Foul Ball, location: 2F
0-1: Ball
1-1: Hit by Pitch
Lorne McClain to third
John Pickup to second
Batting: LHB Alfredo Cantú 0-0: Called Strike
0-1: Ball
1-1: Foul Ball, location: 2F
1-2: SINGLE (Line Drive, 6MD)
Lorne McClain scores
John Pickup to third
Jared Calhoun to second
Batting: LHB Carl Coffman 0-0: Called Strike
0-1: SINGLE (Groundball, 56D)
John Pickup scores
Jared Calhoun to third
Alfredo Cantú to second
Batting: RHB Gary Washington 0-0: Called Strike
0-1: Ball
1-1: Called Strike
1-2: Ball
2-2: Ball
3-2: DOUBLE (Flyball, 8LD)
Jared Calhoun scores
Alfredo Cantú scores
Carl Coffman to third
Batting: LHB Tom McTier 0-0: Foul Ball, location: 2F
0-1: Called Strike
0-2: Ball
1-2: Ball
2-2: Ball
3-2: Foul Ball, location: 2F
3-2: Base on Balls
Batting: RHB Rodney Walker 0-0: Ball
1-0: Ball
2-0: Ball
Wild Pitch!
Carl Coffman scores
Gary Washington to third
Tom McTier to second
3-0: Base on Balls
Batting: RHB Lorne McClain 0-0: Swinging Strike
0-1: Swinging Strike
0-2: Foul Ball, location: 2F
0-2: Strikes out swinging
Batting: RHB John Pickup 0-0: Fly out, F8 (Flyball, 89D)
Top of the 6th over - 9 runs, 5 hits, 0 errors, 3 left on base; Tennessee 9 - Pittsburgh 2
BOTTOM OF THE 6TH
Pittsburgh Panthers batting - Pitching for Tennessee Volunteers : RHP Steve Jasper
Batting: LHB Todd Emery 0-0: Ball
1-0: Called Strike
1-1: Foul Ball, location: 2F
1-2: Ball
2-2: Foul Ball, location: 2F
2-2: Ball
3-2: Strikes out swinging
Batting: LHB Harry Davis 0-0: Called Strike
0-1: Called Strike
0-2: Ground out 4-3 (Groundball, 34D)
Batting: LHB Pablo Garza 0-0: Called Strike
0-1: Ball
1-1: Foul Ball, location: 2F
1-2: Ball
2-2: SINGLE (Flyball, 78M)
Batting: RHB Karl Stone 0-0: Fly out, F8 (Flyball, 78S)
Bottom of the 6th over - 0 runs, 1 hit, 0 errors, 1 left on base; Tennessee 9 - Pittsburgh 2
TOP OF THE 7TH
Tennessee Volunteers batting - Pitching for Pittsburgh Panthers : RHP Pete Ross
Batting: RHB Bruce Carr 0-0: Foul Ball, location: 2F
0-1: Called Strike
0-2: Strikes out swinging
Batting: SHB Jared Calhoun 0-0: Ball
1-0: SINGLE (Line Drive, 34)
Batting: LHB Alfredo Cantú 0-0: Ball
1-0: Ball
2-0: Ball
3-0: Called Strike
3-1: Base on Balls
Jared Calhoun to second
Batting: LHB Carl Coffman 0-0: Ball
1-0: Called Strike
1-1: Called Strike
1-2: Foul Ball, location: 2F
1-2: Ball
2-2: Foul Ball, location: 2F
2-2: Ball
3-2: Grounds into double play, 5-4-3 (Groundball, 56)
Top of the 7th over - 0 runs, 1 hit, 0 errors, 1 left on base; Tennessee 9 - Pittsburgh 2
BOTTOM OF THE 7TH
Pittsburgh Panthers batting - Pitching for Tennessee Volunteers : RHP Steve Jasper
Pitching: RHP Rick Cahill
Batting: RHB Richard Cardoza 0-0: Ball
1-0: Called Strike
1-1: Ball
2-1: Fly out, F8 (Flyball, 8LS)
Batting: SHB Ward Jacobs 0-0: Ball
1-0: Foul Ball, location: 2F
1-1: Ball
2-1: Foul Ball, location: 2F
2-2: Strikes out swinging
Batting: RHB Bill Gallagher 0-0: Fly out, F9 (Flyball, 89S)
Bottom of the 7th over - 0 runs, 0 hits, 0 errors, 0 left on base; Tennessee 9 - Pittsburgh 2
TOP OF THE 8TH
Tennessee Volunteers batting - Pitching for Pittsburgh Panthers : RHP Pete Ross
Batting: RHB Gary Washington 0-0: Foul Ball, location: 2F
0-1: Ball
1-1: Foul Ball, location: 2F
1-2: Ball
2-2: Foul Ball, location: 2F
2-2: Strikes out swinging
Batting: LHB Tom McTier 0-0: Ball
1-0: Called Strike
1-1: Fly out, F9 (Flyball, 89D)
Batting: RHB Rodney Walker 0-0: Fly out, F6 (Line Drive, 6M)
Top of the 8th over - 0 runs, 0 hits, 0 errors, 0 left on base; Tennessee 9 - Pittsburgh 2
BOTTOM OF THE 8TH
Pittsburgh Panthers batting - Pitching for Tennessee Volunteers : RHP Rick Cahill
Now in CF: Chris Harper
Batting: RHB Roberto Trejo 0-0: Ball
1-0: Called Strike
1-1: Ball
2-1: Ball
3-1: SINGLE (Flyball, 78M)
Batting: LHB Dalton Beck 0-0: Called Strike
0-1: Ball
1-1: Ball
2-1: Called Strike
2-2: Ball
3-2: Foul Ball, location: 2F
3-2: Base on Balls
Roberto Trejo to second
Batting: LHB Todd Emery 0-0: Fly out, F9 (Flyball, 9D)
Runner from 2nd tags up, SAFE at 3rd, no throw
Batting: LHB Harry Davis 0-0: Ball
1-0: Ball
2-0: Called Strike
2-1: Fly out, F8 (Flyball, 8LD)
Runner from 3rd tags up, SCORES, throw made
Batting: LHB Pablo Garza 0-0: Called Strike
0-1: Swinging Strike
0-2: Ball
1-2: Strikes out looking
Bottom of the 8th over - 1 run, 1 hit, 0 errors, 1 left on base; Tennessee 9 - Pittsburgh 3
TOP OF THE 9TH
Tennessee Volunteers batting - Pitching for Pittsburgh Panthers : RHP Pete Ross
Batting: RHB Lorne McClain 0-0: Ground out 5-3 (Groundball, 5S)
Batting: RHB John Pickup 0-0: Ball
1-0: Called Strike
1-1: Ball
2-1: Foul Ball, location: 2F
2-2: Strikes out looking
Batting: RHB Bruce Carr 0-0: Ball
1-0: Called Strike
1-1: Called Strike
1-2: Ground out 4-3 (Groundball, 4)
Top of the 9th over - 0 runs, 0 hits, 0 errors, 0 left on base; Tennessee 9 - Pittsburgh 3
BOTTOM OF THE 9TH
Pittsburgh Panthers batting - Pitching for Tennessee Volunteers : RHP Rick Cahill
Batting: RHB Karl Stone 0-0: Ball
1-0: Foul Ball, location: 2F
1-1: Ball
2-1: Ball
3-1: Foul Ball, location: 2F
3-2: Foul Ball, location: 2F
3-2: Hit by Pitch
Batting: RHB Richard Cardoza 0-0: Ball
1-0: Ball
2-0: Ball
3-0: Called Strike
3-1: Base on Balls
Karl Stone to second
Batting: SHB Ward Jacobs 0-0: Ball
1-0: Called Strike
1-1: Fly out, F5 (Line Drive, 56)
Batting: RHB Bill Gallagher 0-0: Called Strike
0-1: SINGLE (Groundball, 34D)
Karl Stone to third
Richard Cardoza to second
Batting: RHB Roberto Trejo 0-0: Called Strike
0-1: Foul Ball, location: 2F
0-2: Grounds into double play, 6-4-3 (Groundball, 6)
Bottom of the 9th over - 0 runs, 1 hit, 0 errors, 2 left on base; Tennessee 9 - Pittsburgh 3
Saturday, December 16th, 2017 - OOTP Baseball 18.8 Build 76